 Dungeon Crawl Stone Soup version 0.26-a0-854-gdc81c2f471 (webtiles) character file.

Game seed: 4799345429706922631

22 EnegeticOcto the Grave Robber (level 3, 0/24 HPs)
             Began as a Formicid Necromancer on Nov 23, 2020.
             Slain by a leopard gecko (5 damage)
             ... on level 2 of the Dungeon.
             The game lasted 00:03:59 (1554 turns).

EnegeticOcto the Grave Robber (FoNe)                Turns: 1554, Time: 00:04:01

Health: 0/24       AC:  2    Str: 13    XL:     3   Next: 7%
Magic:  0/6        EV: 12    Int: 14    God:
Gold:   78         SH:  0    Dex: 11    Spells: 4/6 levels left

rFire    . . .     SeeInvis +   k - +0 whip (elec)
rCold    . . .     Faith    .   (no shield)
rNeg     . . .     Spirit   .   a - +0 robe
rPois    .         Reflect  .   (helmet unavailable)
rElec    .         Harm     .   (no cloak)
rCorr    .         Rampage  .   (no gloves)
MR       .....                  (no boots)
Stlth    ++........             (no amulet)
HPRegen  0.08/turn              (no ring)
MPRegen  0.10/turn              (no ring)

@: very slightly contaminated
A: permanent stasis, dig shafts and tunnels, four strong arms, antennae 3
a: Dig, Shaft Self


You were on level 2 of the Dungeon.
You visited 1 branch of the dungeon, and saw 2 of its levels.

You collected 78 gold pieces.

Inventory:

Hand Weapons
 d - a +0 dagger
   (You took it off a goblin on level 1 of the Dungeon)
 h - a +0 spear
   (You found it on level 1 of the Dungeon)
 k - a +0 whip of electrocution (weapon)
   (You took it off a kobold on level 2 of the Dungeon)
Missiles
 c - 27 poisoned darts (quivered)
 e - 8 sling bullets
 f - 5 boomerangs
Armour
 a - a +0 robe (worn)
 i - a +0 tower shield
   (You found it on level 1 of the Dungeon)
Scrolls
 b - a scroll of fear {unknown}
 j - a scroll of teleportation {unknown}
Potions
 g - 2 potions of flight {unknown}


   Skills:
 + Level 0.2 Maces & Flails
 - Level 1.7 Dodging
 - Level 3.0 Stealth
 - Level 2.1 Spellcasting
 + Level 4.6 Necromancy


You had 4 spell levels left.
You knew the following spells:

 Your Spells              Type           Power        Failure   Level
a - Pain                  Necr           ##..         3%          1
b - Animate Skeleton      Necr           ##....       3%          1

Your spell library contained the following spells:

 Spells                   Type           Power        Failure   Level
 Vampiric Draining        Necr           ##........   11%         3
 Animate Dead             Necr           ##........   34%         4
 Agony                    Necr           ##......     69%         5


Dungeon Overview and Level Annotations

Branches:
Dungeon (2/15)

Altars:
Gozag

Annotations:
D:1 exclusions: 2 jackals and sensed monster (detected)


Innate Abilities, Weirdness & Mutations

You cannot be hasted, slowed, berserked, paralysed or teleported.
You can dig through walls and to a lower floor.
Your four strong arms can wield two-handed weapons with a shield.
You have a pair of large antennae on your head. (SInv)


Message History

Aiming: Pain (safe; 3% risk of failure)
Press: ? - help, Shift-Dir - straight line, f/p - bat
Aim: a bat (chance to defeat MR: 85%)
The bat barely resists.
The bat completely misses you.
Casting: Pain (safe; 3% risk of failure)
Confirm with . or Enter, or press ? or * to list all spells.
Aiming: Pain (safe; 3% risk of failure)
Press: ? - help, Shift-Dir - straight line, f/p - bat
Aim: a bat (chance to defeat MR: 85%)
The bat writhes in agony.
The bat closely misses you. x2
Casting: Pain (safe; 3% risk of failure)
Confirm with . or Enter, or press ? or * to list all spells.
Aiming: Pain (safe; 3% risk of failure)
Press: ? - help, Shift-Dir - straight line, f/p - bat
Aim: a bat (severely wounded, chance to defeat MR: 85%)
The bat writhes in agony.
You kill the bat!
Found a scale mail.
A goblin comes into view. It is wielding a +0 dagger.
The goblin shouts!
Casting: Pain (safe; 3% risk of failure)
Confirm with . or Enter, or press ? or * to list all spells.
Aiming: Pain (safe; 3% risk of failure)
Press: ? - help, Shift-Dir - straight line, f - goblin
Aim: a goblin, wielding a +0 dagger (chance to defeat MR: 85%)
The goblin writhes in agony.
You kill the goblin!
Things that are here:
a +0 dagger; a goblin corpse
Found an opulent altar of Gozag.
You now have 65 gold pieces (gained 13).
You now have 78 gold pieces (gained 13).
You sense a monster nearby.
A goblin comes into view. It is wielding a +0 mace.
A leopard gecko and a giant cockroach come into view.
Found a stone staircase leading down.
Casting: Pain (safe; 3% risk of failure)
Confirm with . or Enter, or press ? or * to list all spells.
Aiming: Pain (safe; 3% risk of failure)
Press: ? - help, Shift-Dir - straight line, f - giant cockroach
Aim: a giant cockroach (asleep, chance to defeat MR: 85%)
The giant cockroach writhes in agony.
The goblin shouts!
Casting: Pain (safe; 3% risk of failure)
Confirm with . or Enter, or press ? or * to list all spells.
Aiming: Pain (safe; 3% risk of failure)
Press: ? - help, Shift-Dir - straight line, f/p - giant cockroach
Aim: a giant cockroach (lightly wounded, chance to defeat MR: 85%)
The giant cockroach writhes in agony.
The giant cockroach bites you.
You hit the giant cockroach.
You kill the giant cockroach!
You have reached level 3!
Your experience leads to an increase in your attributes!
Increase (s)trength, (i)ntelligence, or (d)exterity?
You feel stronger.
You hit the goblin.
The goblin is moderately wounded.
The goblin hits you with a +0 mace!
You are too injured to fight recklessly!
Casting: Pain (safe; 3% risk of failure)
Confirm with . or Enter, or press ? or * to list all spells.
Aiming: Pain (safe; 3% risk of failure)
Press: ? - help, Shift-Dir - straight line, f - goblin
Aim: a goblin, wielding a +0 mace and wearing a +0 chain mail (moderately wounded, chance to defeat MR: 85%)
The goblin writhes in agony.
You kill the goblin!
The leopard gecko closely misses you.
Casting: Pain (safe; 3% risk of failure)
Confirm with . or Enter, or press ? or * to list all spells.
Aiming: Pain (safe; 3% risk of failure)
Press: ? - help, Shift-Dir - straight line, f - leopard gecko
Aim: a leopard gecko (chance to defeat MR: 85%)
The leopard gecko writhes in agony.
The leopard gecko bites you but does no damage.
Casting: Pain (safe; 3% risk of failure)
Confirm with . or Enter, or press ? or * to list all spells.
Aiming: Pain (safe; 3% risk of failure)
Press: ? - help, Shift-Dir - straight line, f/p - leopard gecko
Aim: a leopard gecko (severely wounded, chance to defeat MR: 85%)
The leopard gecko writhes in agony.
The leopard gecko bites you.
Casting: Pain (safe; 3% risk of failure)
Confirm with . or Enter, or press ? or * to list all spells.
Aiming: Pain (safe; 3% risk of failure)
Press: ? - help, Shift-Dir - straight line, f/p - leopard gecko
Aim: a leopard gecko (almost dead, chance to defeat MR: 85%)
You miscast Pain.
You are very lightly contaminated with residual magic.
Nothing appears to happen.
The leopard gecko closely misses you.
You closely miss the leopard gecko.
The leopard gecko is almost dead.
The leopard gecko bites you but does no damage.
The leopard gecko bites you.
* * * LOW HITPOINT WARNING * * *
You barely miss the leopard gecko.
The leopard gecko is almost dead.
The leopard gecko closely misses you.
You miss the leopard gecko.
The leopard gecko is almost dead.
The leopard gecko bites you.
You die...

≈....#.. ≈....#..
.......# #....#.#
##... ..# #... #.#
...###..# #.#
........####.####
>..###...)l@....#####
#.######.......# #.
#..###.### .# ..
####.....# .# ##.
#.#.### ### .#### ##
#.._..# #.. ....#
###.#.# ..##.##.#
#.....# ........#
###.###


You could see a leopard gecko.

Vanquished Creatures
  2 dart slugs
  2 leopard geckos (D:1)
  2 bats
  2 giant cockroaches
  3 goblins
  A hobgoblin (D:1)
  A kobold (D:2)
  A frilled lizard (D:1)
  A rat (D:1)
15 creatures vanquished.

Notes
Turn   | Place    | Note
-------+----------+-------------------------------------------
     0 | D:1      | EnegeticOcto the Formicid Necromancer began the quest for
                  | the Orb.
     0 | D:1      | Reached XP level 1. HP: 13/13 MP: 3/3
   168 | D:1      | Reached skill level 3 in Stealth
   233 | D:1      | Reached XP level 2. HP: 18/19 MP: 1/5
   278 | D:1      | Learned a level 1 spell: Animate Skeleton
  1504 | D:2      | Found an opulent altar of Gozag.
  1546 | D:2      | Reached XP level 3. HP: 21/24 MP: 3/6
  1554 | D:2      | Slain by a leopard gecko

Illustrated notes

Levels and vault maps discovered:
D:1:      psy_arrival_radial02, layout_loops_ring, lemuel_flame_loot_1
D:2:      layout_loops_cross, general_overflow_altar,
          nicolae_gozag_cash_rules_everything_around_me,
          chequers_serial_rivers_large_b, minmay_misc_feat_diagonals,
          st_stairs_14

Skill      XL: |  1 |
---------------+----+-----
Stealth        | 3 |  3.0
Maces & Flails | |  0.2
Dodging        | |  1.7
Spellcasting   | |  2.1
Necromancy     | |  4.6

Action                   || total
-------------------------++-------
Melee: Whip              ||     5
 Cast: Pain              ||    31
Armor: Robe              ||     3
Dodge: Dodged            ||     9

Table legend: (Time is in decaauts)
 A = Elapsed time spent in this place.
 B = Non-inter-level travel time spent in this place.
 C = Inter-level travel time spent in this place.
 D = Time resting spent in this place.
 E = Time spent auto-exploring this place.
 F = Levels seen in this place.
 G = Mean time per level.
                   A        B        C        D        E       F      G
               +--------+--------+--------+--------+--------+-----+--------+
         Total |   1553 |   1510 |     43 |    173 |   1091 |   2 |  776.5 |
       Dungeon |   1553 |   1510 |     43 |    173 |   1091 |   2 |  776.5 |
               +--------+--------+--------+--------+--------+-----+--------+

Top non-repeatable levels by time:
     D:1: 1329 daAuts
     D:2: 223 daAuts
